AoeStats
← [Wildpigs] El Jochu

Arabia

510021989Analyzed
2v2 RM · 4d ago on Sep 29, 2026· 45m 26s· 4 players
Game mode
Random Map
Map size
Medium (4 player)
Population
200
Speed
Normal
Resources
Standard
Victory
Conquest
Starting age
Dark Age
Ending age
Imperial Age
RankedLock teamsTeams togetherTeam positionsShared explorationLock speedFull tech treeHidden civsTurbo modeCheats
Victory
Defeat
🇲🇽 Britons · Mexico
1132
+11
🇲🇽 Franks · Mexico
925
+19
🇧🇷 Georgians · Brazil
1012
-15
🇧🇷 Saxons · Brazil
1011
-15
hig_sfc
1:26 Loom
9:50 Feudal Age
10:39 Double-Bit Axe
17:03 Castle Age
21:00 Squires
21:22 Arson
23:27 Pikeman
25:29 Wheelbarrow
24:39 Horse Collar
25:52 Scale Mail Armor
29:01 Forging
32:58 Iron Casting
36:13 Chain Mail Armor
39:40 Hand Cart
HeC_SantosFC
0:51 Loom
10:51 Feudal Age
12:07 Wheelbarrow
11:22 Double-Bit Axe
11:39 Horse Collar
17:33 Fletching
26:23 Castle Age
24:43 Gold Mining
25:33 Forging
25:55 Scale Barding Armor
26:34 Bloodlines
28:07 Iron Casting
28:13 Chain Barding Armor
41:08 Bodkin Arrow
[ Wildpigs ] RonRon
9:54 Feudal Age
16:42 Fletching
23:57 Castle Age
22:17 Double-Bit Axe
22:13 Horse Collar
24:03 Crossbowman
26:08 Loom
26:58 Wheelbarrow
28:34 Heavy Plow
28:47 Bow Saw
28:27 Pikeman
29:26 Bodkin Arrow
33:42 Hand Cart
33:58 Padded Archer Armor
39:30 Imperial Age
39:34 Arbalester
40:42 Ballistics
41:34 Chemistry
40:59 Bracer
41:16 Leather Archer Armor
41:51 Yeomen
[Wildpigs] El Jochu
4:22 Loom
11:35 Feudal Age
13:33 Double-Bit Axe
23:18 Castle Age
21:45 Scale Barding Armor
22:31 Wheelbarrow
26:48 Hand Cart
26:49 Bow Saw
27:42 Chain Barding Armor
33:20 Forging
Connection lost

Rejoining the realm…

Still unreachable

The connection could not be restored.

Session expired

The server has moved on; the page needs a fresh start.